 Dungeon Crawl Stone Soup version 0.16.0-18-g484a79e (console) character file.

468 gw the Vexing (level 6, -15/50 HPs)
             Began as a Draconian Enchanter on Mar 22, 2015.
             Was a Believer of Zin.
             Demolished by an ogre
             ... wielding a +0 giant club
              (24 damage)
             ... on level 5 of the Dungeon.
             The game lasted 00:06:57 (8474 turns).

gw the Vexing (Draconian Enchanter)                 Turns: 8474, Time: 00:06:57

Health: -15/50     AC:  8    Str: 11    XL:     6   Next: 81%
Magic:  1/13       EV: 13    Int: 17    God:    Zin [**....]
Gold:   264        SH:  0    Dex: 11    Spells: 5 memorised, 1 level left

rFire  + . .     SeeInvis .     a - +2 dagger
rCold  . . .     Clarity  .     (armour unavailable)
rNeg   . . .     SustAb   .     (no shield)
rPois  .         Gourm    .     (helmet restricted)
rElec  .         Spirit   .     (no cloak)
rCorr  .         Warding  .     i - +0 pair of gloves
rMut   .         Stasis   .     k - +0 pair of boots
MR     .....                    (no amulet)
Stlth  ++........               (no ring)
                                g - ring of protection from fire

@: bonded with blade, very slightly contaminated, not resistant to hostile
enchantments, unstealthy
A: unfitting armour, cold-blooded, AC +6
a: Recite, Vitalisation, Renounce Religion


You were on level 5 of the Dungeon.
You worshipped Zin.
Zin was pleased with you.
You were not hungry.

You visited 1 branch of the dungeon, and saw 5 of its levels.

You collected 293 gold pieces.
You donated 29 gold pieces to Zin.

Inventory:

Hand weapons
 a - a +2 dagger (weapon)
Missiles
 f - 17 poisoned needles
 j - 124 stones
 u - 3 tomahawks (quivered)
Armour
 i - a +0 pair of gloves (worn)
 k - a +0 pair of boots (worn)
Jewellery
 g - a ring of protection from fire (left hand)
Magical devices
 n - a wand of cold (5)
Scrolls
 h - 3 scrolls of remove curse
 o - 2 scrolls of identify
 p - 2 scrolls of teleportation
 r - a scroll of noise {unknown}
 t - a scroll of recharging {unknown}
Potions
 e - 2 potions of cancellation
 l - a potion of curing
 m - 2 potions of resistance
 q - 2 potions of might
 s - a potion of heal wounds {unknown}
 v - a potion of poison {unknown}
Books
 c - a book of Maledictions

   Spells                             Type                      Level
   a - Corona                         Hexes                        1
   b - Sure Blade                     Hexes/Charms                 2
   c - Ensorcelled Hibernation        Hexes/Ice                    2
   d - Confuse                        Hexes                        3
   e - Dazzling Spray                 Conjuration/Hexes            3
   f - Enslavement                    Hexes                        4
Comestibles
 b - 2 meat rations
 d - 3 bread rations
 w - 2 chunks of flesh


   Skills:
 + Level 2.9 Fighting
 + Level 3.1 Short Blades
 + Level 3.1 Dodging
 - Level 2.6 Stealth
 * Level 3.8 Spellcasting
 + Level 3.9 Hexes


You had one spell level left.
You knew the following spells:

 Your Spells              Type           Power        Failure   Level  Hunger
a - Corona                Hex            ###....      3%          1    None
b - Ensorcelled Hibernat  Hex/Ice        ##....       14%         2    ##.....
c - Sure Blade            Hex/Chrm       ##........   14%         2    ##.....
d - Confuse               Hex            ###.....     12%         3    ###....
e - Dazzling Spray        Conj/Hex       ##......     24%         3    ###....


Dungeon Overview and Level Annotations

Branches:
Dungeon (5/15)             Temple (0/1) D:4

Altars:
Cheibriados
Fedhas
Gozag
Kikubaaqudgha
Vehumet
Zin
The Shining One


Innate Abilities, Weirdness & Mutations

Your plain brown scales are hard (AC +6).
Your body does not fit into most forms of armour.
Your cold-blooded metabolism reacts poorly to cold.


Message History

Unknown command.
Unknown command.
ATTACKING (1,0)
You hit the ogre.
The ogre is lightly wounded.
Unknown command.
Unknown command.
Unknown command.
Unknown command.
ATTACKING (1,0)
You hit the ogre.
The ogre is lightly wounded.
The ogre hits you with a giant club!
Unknown command.
Unknown command.
Unknown command.
Unknown command.
Use which ability? (? or * to list)
You fail to use your ability.
The ogre hits you with a giant club!!
You die...

..##...###.[.............##......
.........))....................#.
...............................#.
...............................#.
.................######........#.
.....^....######## ##.......'.
..........# ##########+###+###.
..........# #...........##.# #.
..........# #.dO........##.. +.
########### #...........##.# #.
#..)).......##.# #.
#......[.....#.###.
#............#.##..
#............#.##.#
#............[....#
#..............####
...............#


You could see an ogre.

Table legend:
 A = Turns spent in this place as a percentage of turns spent in the entire game.
 B = Non-inter-level travel turns spent in this place as a percentage of non-inter-level travel turns spent in the entire game.
 C = Inter-level travel turns spent in this place as a percentage of turns spent in this place.
 D = Turns resting spent in this place as a percentage of non-inter-level travel turns spent in this place.
 E = Turns spent auto-exploring this place as a percentage of non-inter-level travel turns spent in this place.
 F = Non-inter-level travel turns spent in this place divided by the number of levels of this place that you've seen.
                   A       B       C       D       E      F
               +-------+-------+-------+-------+-------+----------------------
         Total | 100.0 | 100.0 |   0.4 |   3.0 |   2.0 | 1815.8
       Dungeon | 100.0 | 100.0 |   0.4 |   3.0 |   2.0 | 1815.8
               +-------+-------+-------+-------+-------+----------------------

Table legend:
 A = Kills in this place as a percentage of kills in entire the game.
 B = Kills by you in this place as a percentage of kills by you in the entire game.
 C = Kills by friends in this place as a percentage of kills by friends in the entire game.
 D = Other kills in this place as a percentage of other kills in the entire game.
 E = Experience gained in this place as a percentage of experience gained in the entire game.
 F = Experience gained in this place divided by the number of levels of this place that you have seen.
                   A       B       C       D       E      F
               +-------+-------+-------+-------+-------+----------------------
         Total | 100.0 | 100.0 |  -nan | 100.0 | 100.0 | 133.8
       Dungeon | 100.0 | 100.0 |  -nan | 100.0 | 100.0 | 133.8
               +-------+-------+-------+-------+-------+----------------------

Vanquished Creatures
  An ogre (D:5)
  A crimson imp (D:4)
  An orc priest (D:5)
  A centaur skeleton (D:4)
  An orc wizard (D:3)
  3 worker ants
  2 gnolls (D:5)
  9 adders
  A giant gecko (D:5)
  20 orcs
  2 bat skeletons
  A bat zombie (D:5)
  2 giant cockroaches (D:2)
  9 goblins
  7 hobgoblins
  4 quokkas
  A ball python (D:4)
  11 bats
  8 giant newts
  2 jackals (D:1)
  7 kobolds
  11 rats
105 creatures vanquished.

Notes
Turn   | Place    | Note
--------------------------------------------------------------
     0 | D:1      | gw, the Draconian Enchanter, began the quest for the Orb.
     0 | D:1      | Reached XP level 1. HP: 14/14 MP: 3/3
     7 | D:1      | Noticed a swamp drake
     7 | D:1      | Noticed a komodo dragon
     7 | D:1      | Noticed a water moccasin
     7 | D:1      | Noticed a worker ant
   316 | D:1      | Reached XP level 2. HP: 10/22 MP: 0/4
   522 | D:1      | Learned a level 2 spell: Ensorcelled Hibernation
   525 | D:1      | Learned a level 2 spell: Sure Blade
  1718 | D:2      | Reached skill level 1 in Fighting
  1977 | D:2      | Found a blossoming altar of Fedhas.
  2027 | D:2      | Reached XP level 3. HP: 28/28 MP: 0/6
  2170 | D:2      | Reached skill level 3 in Hexes
  2945 | D:2      | Found a glowing silver altar of Zin.
  2946 | D:2      | Found an opulent altar of Gozag.
  3010 | D:2      | Became a worshipper of Zin the Law-Giver
  3501 | D:3      | Acquired Zin's first power
  3520 | D:3      | Reached XP level 4. HP: 35/35 MP: 0/8
  3596 | D:3      | Learned a level 3 spell: Confuse
  3637 | D:3      | Found a snail-covered altar of Cheibriados.
  3638 | D:3      | Found a radiant altar of Vehumet.
  3638 | D:3      | Found a glowing golden altar of the Shining One.
  4175 | D:3      | Found an ancient bone altar of Kikubaaqudgha.
  4581 | D:3      | Acquired Zin's second power
  4978 | D:4      | Reached XP level 5. HP: 41/41 MP: 0/11
  6697 | D:4      | Found a staircase to the Ecumenical Temple.
  6925 | D:5      | Entered Level 5 of the Dungeon
  7117 | D:5      | Reached XP level 6. HP: 39/50 MP: 0/13
  7214 | D:5      | Learned a level 3 spell: Dazzling Spray
  7492 | D:5      | Acquired Zin's third power
  7633 | D:5      | Noticed an ogre
  7645 | D:5      | Killed an ogre
  8464 | D:5      | Noticed an ogre
  8474 | D:5      | Demolished by an ogre

Action                   |  1- 3 |  4- 6 || total
-------------------------+-------+-------++-------
Melee: Dagger            |   152 |   184 ||   336
Throw: Stone             |    18 |    74 ||    92
 Cast: Corona            |    23 |    36 ||    59
       Sure Blade        |    28 |    64 ||    92
       Ensorcelled Hiber |    18 |    29 ||    47
       Confuse           |       |    26 ||    26
       Dazzling Spray    |       |     5 ||     5
Invok: Recite            |       |     3 ||     3
       Vitalisation      |       |     1 ||     1
  Use: Potion            |     7 |     4 ||    11
       Scroll            |     4 |     2 ||     6
 Stab: Sleeping          |     7 |     3 ||    10
       Invisible         |       |     1 ||     1
  Eat: Chunk             |    12 |     4 ||    16
       Meat ration       |       |     4 ||     4

Vault maps used:
D:1:      onia_arrival_zoo_common
D:2:      grunt_temple_overflow_gold_and_silver, lemuel_doored_altar
D:3:      nicolae_overflow_quartered_altars
D:4:      minmay_temple_entry_glassed_door, first_bread
